 Dungeon Crawl Stone Soup version 0.31-a0-1338-gb567cfdca4 (webtiles) character file.

Game seed: 15345064744660376246

9148 grandjackal the Toxicologist (level 11, -4/68 HPs)
             Began as a Vampire Earth Elementalist on Dec 23, 2023.
             Was a Priest of Dithmenos.
             Slain by an efreet
             ... wielding a +4 scimitar of flaming
              (21 damage)
             ... on level 9 of the Dungeon.
             The game lasted 00:28:45 (9696 turns).

grandjackal the Toxicologist (VpEE)                 Turns: 9696, Time: 00:28:46

Health: -4/68      AC: 10    Str: 11    XL:     11   Next: 19%
Magic:  17/21      EV: 12    Int: 32    God:    Dithmenos [***...]
Gold:   665        SH:  0    Dex: 19    Spells: 10/24 levels left

rFire   + + .        B - +2 dagger (freeze)
rCold   + . .        (no shield)
rNeg    . . .        l - +4 robe of Augmentation {Str+4 Int+4 Dex+4}
rPois   +            n - +0 helmet
rElec   +            J - +1 cloak
rCorr   +            (no gloves)
SInv    +            S - +0 pair of boots
Will    +....        R - amulet of regeneration
Stlth   +++          v - ring of protection from fire
HPRegen 1.31/turn    g - +6 ring of intelligence
MPRegen 0.17/turn

%: no passive effects
@: resistant, healing quickly, wreathed by umbra, very slow
A: alive, fangs 3, see invisible, vampiric 2
a: Exsanguinate, Renounce Religion, Shadow Step


You were on level 9 of the Dungeon.
You worshipped Dithmenos.
Dithmenos was most pleased with you.
You visited 2 branches of the dungeon, and saw 10 of its levels.
You also visited: Ossuary and Bailey.

You collected 686 gold pieces.
You spent 21 gold pieces at shops.

Inventory:

Hand Weapons
 e - a +0 demon blade
 B - a +2 dagger of freezing (weapon)
 M - a +2 dagger of draining
Missiles
 q - a throwing net
Armour
 l - the +4 robe of Augmentation (worn) {Str+4 Int+4 Dex+4}
   (You found it on level 2 of the Dungeon)

   Str+4:     It affects your strength (+4).
   Int+4:     It affects your intelligence (+4).
   Dex+4:     It affects your dexterity (+4).
 n - a +0 helmet (worn)
 J - a +1 cloak (worn)
 S - a +0 pair of boots (worn)
Jewellery
 g - a +6 ring of intelligence (right hand)
 v - a ring of protection from fire (left hand)
 I - a ring of resist corrosion
 R - an amulet of regeneration (around neck)
Wands
 t - a wand of iceblast (23)
 A - a wand of mindburst (2)
 E - a wand of paralysis (14)
 H - a wand of flame (72)
 O - a wand of polymorph (9)
 T - a wand of quicksilver (6)
Scrolls
 a - 5 scrolls of teleportation
 f - 2 scrolls of silence {unknown}
 h - 2 scrolls of enchant weapon {unknown}
 i - 4 scrolls of vulnerability {unknown}
 k - 2 scrolls of noise {unknown}
 x - 4 scrolls of brand weapon {unknown}
 y - 2 scrolls of fear {unknown}
 C - 2 scrolls of amnesia
 D - 2 scrolls of fog {unknown}
 F - 2 scrolls of immolation {unknown}
 K - 2 scrolls of blinking {unknown}
 L - 2 scrolls of revelation {unknown}
 P - a scroll of poison {unknown}
 V - a scroll of torment {unknown}
Potions
 b - 2 potions of magic
 c - 2 potions of curing
 d - 5 potions of brilliance
 j - 2 potions of cancellation
 m - 5 potions of ambrosia
 o - a potion of berserk rage
 p - 5 potions of enlightenment
 s - 4 potions of haste
 u - 2 potions of mutation
 w - a potion of invisibility
 G - a potion of might
 N - 2 potions of attraction {unknown}
 Q - a potion of lignification {unknown}
Miscellaneous
 U - a phial of floods (inert)


   Skills:
 + Level 8.2 Short Blades
 - Level 2.1 Dodging
 + Level 7.0 Stealth
 - Level 7.0 Spellcasting
 + Level 3.5 Hexes
 - Level 10.0 Earth Magic
 - Level 10.1 Alchemy


You had 10 spell levels left.
You knew the following spells:

 Your Spells              Type           Power      Damage    Failure   Level
a - Sandblast             Erth           100%       2d20      1%          1
b - Passwall              Alch/Erth      55%        N/A       1%          2
c - Petrify               Alch/Erth      66%        N/A       1%          4
d - Leda's Liquefaction   Alch/Erth      33%        N/A       1%          4
e - Tukima's Dance        Hex            34%        N/A       3%          3

Your spell library contained the following spells:

 Spells                   Type           Power      Damage    Failure   Level
 Sting                    Conj/Alch      100%       1d9       1%          1
 Mercury Vapours          Alch/Air       86%        N/A       1%          2
 Stone Arrow              Conj/Erth      86%        3d12      1%          3
 Apportation              Tloc           22%        N/A       4%          1
 Magic Dart               Conj           44%        1d5       4%          1
 Necrotise                Necr           44%        1d6       4%          1
 Shock                    Conj/Air       44%        1d5       4%          1
 Summon Small Mammal      Summ           44%        N/A       4%          1
 Fulminant Prism          Conj/Alch      21%        3d12      4%          4
 Brom's Barrelling Bould  Conj/Erth      43%        2d6       5%          4
 Searing Ray              Conj           22%        2d5       6%          2
 Yara's Violent Unravell  Hex/Alch       26%        3d11      7%          5
 Frozen Ramparts          Ice            22%        1d4       12%         3
 Passage of Golubria      Tloc           11%        N/A       38%         4
 Summon Lightning Spire   Summ/Air       11%        N/A       38%         4
 Metabolic Englaciation   Hex/Ice        11%        N/A       50%         5
 Silence                  Hex/Air        11%        N/A       50%         5


Dungeon Overview and Level Annotations

Branches:
Dungeon (9/15)             Temple (1/1) D:7            Lair (0/5) D:8
Ossuary (visited)          Bailey (visited)
    Orc: D:9-12

Altars:
Ashenzari
Cheibriados
Dithmenos
Fedhas
Gozag
Hepliaklqana
Makhleb
Nemelex Xobeh
Okawaru
Qazlal
Ru
Sif Muna
Trog
Uskayaw
Vehumet
Wu Jian
Xom
Yredelemnul

Shops:
D:7 **   D:8 !

Annotations:
D:3 3 runed translucent doors, xnavy's ghost, weakling TrSh


Innate Abilities, Weirdness & Mutations

Your natural rate of healing is accelerated.
You have razor-sharp teeth.
You have supernaturally acute eyesight. (SInv)
You are afflicted with vampirism and can become a bat while bloodless.


Message History

Press: ? - help, Shift-Dir - straight line, f/p - efreet
Aim: an efreet, wielding a +4 scimitar of flaming (heavily wounded, umbra, 95% to hit)
The blast of sand hits the efreet!
The efreet is severely wounded.
The efreet hits you with a +4 scimitar of flaming!!
The efreet burns you.
The efreet hits you with a +4 scimitar of flaming!!
* * * LOW HITPOINT WARNING * * *
The efreet burns you.
* * * LOW HITPOINT WARNING * * *
A killer bee comes into view.
You feel much better.
The efreet hits you with a +4 scimitar of flaming!
The efreet burns you.
You feel protected.
The killer bee stings you but does no damage.
The efreet hits you with a +4 scimitar of flaming!
* * * LOW HITPOINT WARNING * * *
The efreet burns you.
* * * LOW HITPOINT WARNING * * *
The killer bee stings you but does no damage.
Okay, then.
Casting: Sandblast (safe; 1% risk of failure)
Confirm with . or Enter, or press ? or * to list all spells.
Okay, then.
Aim the phial where?
Press: ? - help, Shift-Dir - straight line, f/p - efreet
Aim: an efreet, wielding a +4 scimitar of flaming (severely wounded, umbra, 90% to hit)
The torrent of water hits the efreet.
The efreet is almost dead.
The efreet is engulfed in water.
The wave splashes down.
Splash!
You fall into the shallow water.
Moving in this stuff is going to be slow.
The killer bee is engulfed in water.
You hear a shout!
You hear an angry buzzing noise.
You hear a shout!
You hear a bellow!
You hear a shout! x3; You hear an angry hiss.
The killer bee stings you but does no damage.
The efreet hits you with a +4 scimitar of flaming!!
You die...

^.............##..##
...#.#...#. ).##...
.#########. .....##
.....# ... .....#
####.#.####.###...##
#... ...#...#....#
#.#.###.#.###.....##
. #...).#...#.##~~.#
#####)#####.#.##@~##
..#.....#...#.##Ry)#
#.#[###.#.#...##~~##
#...# #)..######..~
#.#.###.#.# #..##
.)#(....#... ....
#####.#####.# ...#
..#.....# .# ..##
#.#.###.# #


You could see an efreet (unsilenced, waterlogged) and a killer bee
(waterlogged).

Vanquished Creatures
  Pikel (D:7)
  Maurice (D:8)
  Joseph (D:7)
  Maggie (D:8)
  A hornet (D:7)
  Prince Ribbit (D:7)
  A slime creature (D:9)
  2 wraiths
  2 shadows (D:9)
  2 yaks (D:9)
  Grum (D:8)
  4 steam dragons
  3 vampire mosquitoes (D:7)
  Menkaure (D:6)
  3 water moccasins
  Duvessa (D:7)
  2 sky beasts
  2 black bears (D:5)
  3 ice beasts
  5 orc warriors
  3 ogres
  3 wolves
  3 centaurs
  4 kobold brigands (D:8)
  2 lemures (D:7)
  2 bullfrogs
  A gnoll sergeant (D:8)
  3 scorpions
  8 wights
  Dowan (D:7)
  A killer bee (D:9)
  9 hounds
  6 centaur zombies
  3 gnoll boudas
  5 orc priests
  8 jellies
  An iguana (D:5)
  16 orc wizards
  2 killer bee zombies (D:7)
  6 mummies (Ossuary)
  9 gnolls
  7 adders
  A shadow imp (D:8)
  2 bombardier beetles
  A white imp (D:5)
  4 ufetubi
  A worm (D:4)
  5 dart slugs
  32 orcs
  5 ball pythons
  11 endoplasms
  2 giant cockroaches
  11 goblins
  15 hobgoblins
  6 jackals
  2 quokkas
  10 bats
  2 frilled lizards
  3 hobgoblin zombies (Ossuary)
  24 kobolds
  3 rats
281 creatures vanquished.

Notes
Turn   | Place    | Note
-------+----------+-------------------------------------------
     0 | D:1      | grandjackal the Vampire Earth Elementalist began the quest
                  | for the Orb.
     0 | D:1      | Reached XP level 1. HP: 13/13 MP: 3/3
   135 | D:1      | Reached XP level 2. HP: 16/19 MP: 5/5
   146 | D:1      | Learned a level 2 spell: Passwall
   782 | D:2      | Gained mutation: You are afflicted with vampirism and can
                  | become a bat while bloodless. [Vampire growth]
   782 | D:2      | Reached XP level 3. HP: 23/24 MP: 2/6
   889 | D:2      | Reached skill level 1 in Short Blades
  1129 | D:2      | Found the +4 robe of Augmentation {Str+4 Int+4 Dex+4}
  1238 | D:2      | Reached XP level 4. HP: 30/30 MP: 7/7
  1767 | D:3      | Reached XP level 5. HP: 35/35 MP: 5/8
  1834 | D:3      | Found a faded altar of an unknown god.
  1834 | D:3      | Noticed a red devil
  1915 | D:3      | Reached skill level 5 in Stealth
  2428 | D:3      | Found a runed translucent gate.
  2429 | D:3      | Found a runed translucent gate.
  2430 | D:3      | Found a runed translucent gate.
  2433 | D:3      | Noticed xnavy's ghost (weakling TrSh)
  2797 | D:3      | Learned a level 4 spell: Petrify
  2848 | D:3      | Reached XP level 6. HP: 13/41 MP: 0/9
  2956 | D:4      | You fall into a shaft and drop 1 floor!
  2956 | D:5      | Entered Level 5 of the Dungeon
  3053 | D:5      | Noticed a water moccasin
  3060 | D:5      | Killed a water moccasin
  3061 | D:5      | Reached skill level 5 in Earth Magic
  3061 | D:5      | Reached XP level 7. HP: 46/46 MP: 10/10
  3321 | D:5      | Found a sand-covered staircase.
  3326 | Ossuary  | Entered an ossuary
  3621 | D:4      | Reached skill level 5 in Alchemy
  3815 | D:5      | Reached skill level 5 in Short Blades
  4385 | D:4      | Reached XP level 8. HP: 49/52 MP: 5/11
  5186 | D:6      | Noticed Menkaure
  5190 | D:6      | Killed Menkaure
  5543 | D:6      | Reached XP level 9. HP: 57/57 MP: 10/13
  5844 | D:6      | Learned a level 4 spell: Leda's Liquefaction
  5856 | D:7      | Found a flagged portal.
  6010 | Bailey   | Entered a bailey
  6054 | D:7      | Noticed Prince Ribbit
  6064 | D:7      | Killed Prince Ribbit
  6075 | D:7      | Noticed Joseph
  6124 | D:7      | Killed Joseph
  6125 | D:7      | Reached skill level 5 in Spellcasting
  6397 | D:7      | Found Ecsigg's General Store.
  6608 | D:7      | Found Piomu's Assorted Antiques.
  6612 | D:7      | Noticed Pikel
  6691 | D:7      | Killed Pikel
  6692 | D:7      | Reached XP level 10. HP: 59/63 MP: 14/18
  6750 | D:7      | Bought a scroll labelled RIGRUBB VAOGH for 21 gold pieces
  6790 | D:7      | Found a staircase to the Ecumenical Temple.
  6818 | Temple   | Entered the Ecumenical Temple
  6840 | Temple   | Became a worshipper of Dithmenos the Shadowed
  7120 | D:7      | Noticed Duvessa
  7123 | D:7      | Noticed Dowan
  7131 | D:7      | Killed Duvessa
  7132 | D:7      | Killed Dowan
  7295 | D:8      | Found a staircase to the Lair.
  7295 | D:8      | Noticed Grum
  7677 | D:8      | Reached * piety under Dithmenos
  7685 | D:8      | Killed Grum
  8138 | D:8      | Reached ** piety under Dithmenos
  8144 | D:8      | Reached skill level 10 in Alchemy
  8356 | D:8      | Noticed Maurice
  8384 | D:8      | Noticed Maggie
  8394 | D:8      | Killed Maggie
  8448 | D:8      | Found Oto Hoh's Distillery.
  8448 | D:8      | Killed Maurice
  9052 | D:9      | Learned a level 3 spell: Tukima's Dance
  9228 | D:8      | Reached XP level 11. HP: 36/68 MP: 15/21
  9276 | D:9      | Reached skill level 1 in Hexes
  9276 | D:9      | Reached skill level 10 in Earth Magic
  9567 | D:9      | Got the Almanac of Chemistry and Exhalation
  9600 | D:9      | Reached *** piety under Dithmenos
  9696 | D:9      | Slain by an efreet

Illustrated notes

Levels and vault maps discovered:
D:1:      psy_arrival_fountain, layout_basic
D:2:      layout_basic
D:3:      layout_basic, dreamdust_ecumenical_altar_sealed_demon,
          gammafunk_ghost_nasty_kobolds
D:4:      minmay_spotlight, layout_loops_ring
D:5:      layout_loops_ring, enter_ossuary_5, nrook_campfire,
          nicolae_kite_square_tiling_tiny
D:6:      hellmonk_ruined_rings, layout_gridville, kennysheep_generic_room_10,
          uniq_menkaure
D:7:      lemuel_slime, layout_loops_cross, minmay_temple_entry_mist,
          serial_undead, serial_undead_c, serial_undead_e, serial_undead_b,
          serial_undead_b, enter_bailey_5, serial_shops, shop, shop, uniq_pikel,
          uniq_joseph, uniq_prince_ribbit1, uniq_duvessa
D:8:      kennysheep_housing_project, layout_rooms, lair_entry_dummy,
          serial_shops, nicolae_take_the_stairs, uniq_maurice, uniq_maggie,
          uniq_grum
D:9:      wad_statue_garden, layout_rooms, pf_just_have_faith,
          nicolae_doodle_vault
Temple:   mainiacjoe_temple_circle_huts

Skill      XL: |  1  2  3  4  5  6  7  8  9 10 11 |
---------------+----------------------------------+-----
Alchemy        | 2 3 4 5 7 9 10 | 10.1
Short Blades   | 1 2 3 4 5 6 7 8 |  8.2
Stealth        | 4 5 7 |  7.0
Earth Magic    | 4 5 6 7 9 10 | 10.0
Spellcasting   | 3 5 7 |  7.0
Hexes          | 3 |  3.5
Dodging        | |  2.1

Action                     |  1- 3 |  4- 6 |  7- 9 | 10-12 || total
---------------------------+-------+-------+-------+-------++-------
  Melee: Dagger            |    96 |    84 |   122 |   169 ||   471
         Bite              |     5 |     8 |    15 |    27 ||    55
         Punch             |     2 |       |     2 |     1 ||     5
   Cast: Sandblast         |    21 |    35 |    93 |    95 ||   244
         Passwall          |       |     4 |    13 |     3 ||    20
         Petrify           |       |       |     8 |    20 ||    28
         Leda's Liquefacti |       |       |       |     3 ||     3
  Evoke: Wand              |       |       |     6 |     3 ||     9
         Phial of floods   |       |       |       |     1 ||     1
    Use: Scroll            |       |     4 |     8 |     3 ||    15
         Potion            |       |       |     2 |     2 ||     4
   Stab: Sleeping          |     5 |    13 |    23 |     8 ||    49
         Petrified         |       |       |    12 |    23 ||    35
         Petrifying        |       |       |     2 |       ||     2
         Distracted        |       |       |     1 |       ||     1
 Armour: Robe              |    52 |    73 |   113 |   130 ||   368
  Dodge: Dodged            |    95 |    89 |   127 |    80 ||   391

Table legend: (Time is in decaauts)
 A = Elapsed time spent in this place.
 B = Non-inter-level travel time spent in this place.
 C = Inter-level travel time spent in this place.
 D = Time resting spent in this place.
 E = Time spent auto-exploring this place.
 F = Levels seen in this place.
 G = Mean time per level.
                   A        B        C        D        E       F      G
               +--------+--------+--------+--------+--------+-----+--------+
         Total |   9767 |   9347 |    420 |   1536 |   4588 |  12 |  813.9 |
       Dungeon |   9453 |   9076 |    377 |   1409 |   4579 |   9 | 1050.3 |
        Temple |     44 |      1 |     43 |      0 |      0 |   1 |   44.0 |
       Ossuary |    254 |    254 |      0 |    127 |      0 |   1 |  254.0 |
        Bailey |     14 |     14 |      0 |      0 |      9 |   1 |   14.0 |
               +--------+--------+--------+--------+--------+-----+--------+

Top non-repeatable levels by time:
     D:7: 1793 daAuts
     D:8: 1440 daAuts
     D:3: 1239 daAuts
     D:6: 987 daAuts
     D:4: 961 daAuts
     D:2: 908 daAuts
     D:1: 764 daAuts
     D:5: 763 daAuts
     D:9: 594 daAuts
 Ossuary: 254 daAuts
  Temple: 44 daAuts
  Bailey: 14 daAuts
